 Dungeon Crawl Stone Soup version 0.20-a0-535-gc09f9e6 (webtiles) character file.

141 Kaname the Vexing (level 5, 6/35 HPs)
             Began as a Demonspawn Enchanter on Jan 27, 2017.
             Quit the game on level 3 of the Dungeon.
             The game lasted 00:09:58 (4563 turns).

Kaname the Vexing (Demonspawn Enchanter)            Turns: 4563, Time: 00:09:59

Health: 6/35       AC:  8    Str:  8    XL:     5   Next: 3%
Magic:  6/8        EV: 11    Int: 18    God:
Gold:   111        SH:  0    Dex: 13    Spells: 2/8 levels left

rFire    . . .     SeeInvis .   a - +1 dagger
rCold    . . .     Gourm    .   n - +3 leather armour
rNeg     . . .     Faith    .   (no shield)
rPois    .         Spirit   .   (no helmet)
rElec    .         Reflect  .   (no cloak)
rCorr    .         Harm     .   (no gloves)
MR       .....                  (no boots)
Stlth    ++........             k - amulet of magic regeneration
Regen    0.2/turn               (no ring)
                                (no ring)

@: no status effects
A: claws 1, icy blue scales 1, demonic guardian 1
a: no special abilities


You were on level 3 of the Dungeon.
You were hungry.

You visited 1 branch of the dungeon, and saw 3 of its levels.

You collected 111 gold pieces.

Inventory:

Hand Weapons
 a - a +1 dagger (weapon)
Armour
 n - a +3 leather armour (worn)
Jewellery
 k - an amulet of magic regeneration (around neck)
Scrolls
 d - a scroll of amnesia {unknown}
 f - 2 scrolls of remove curse
 h - a scroll of identify
 i - 2 scrolls of fear
 o - a scroll of recharging {unknown}
 q - a scroll of enchant weapon {unknown}
Potions
 b - a potion of flight {unknown}
 e - a potion of curing {unknown}
 g - a potion of magic {unknown}
 l - a potion of lignification {unknown}
 p - 2 potions of haste
 r - a potion of might {unknown}
Books
 c - a book of Maledictions

   Spells                             Type                      Level
   a - Corona                         Hexes                        1
   b - Ensorcelled Hibernation        Hexes/Ice                    2
   c - Confuse                        Hexes                        3
   d - Tukima's Dance                 Hexes                        3
   e - Dazzling Spray                 Conjuration/Hexes            3
Comestibles
 j - 2 meat rations
 m - a bread ration
 s - 2 chunks of flesh


   Skills:
 + Level 2.2 Short Blades
 - Level 1.7 Dodging
 - Level 4.0 Stealth
 - Level 2.0 Spellcasting
 - Level 4.1 Hexes


You had 2 spell levels left.
You knew the following spells:

 Your Spells              Type           Power        Failure   Level  Hunger
a - Corona                Hex            ###....      6%          1    #......
b - Ensorcelled Hibernat  Hex/Ice        #.....       17%         2    ###....
c - Confuse               Hex            ###.....     17%         3    ###....


Dungeon Overview and Level Annotations

Branches:
Dungeon (3/15)

Altars:


Innate Abilities, Weirdness & Mutations

You have sharp fingernails.
You are partially covered in icy blue scales. (AC +2)
A weak demonic guardian rushes to your aid.


Message History

The gnoll is almost dead.
The gnoll hits you but does no damage.
You hit the gnoll but do no damage.
The gnoll is almost dead.
The gnoll hits you with a spear.
* * * LOW HITPOINT WARNING * * *
You hit the gnoll but do no damage.
The gnoll is almost dead.
The gnoll hits you with a spear.
* * * LOW HITPOINT WARNING * * *
You barely miss the gnoll.
The gnoll is almost dead.
The gnoll hits you with a spear.
* * * LOW HITPOINT WARNING * * *
You hit the gnoll.
You kill the gnoll!
You have reached level 5!
Your demonic ancestry asserts itself...
Icy blue scales grow over part of your body.
Are you sure you want to abandon this character and quit the game? (Confirm with "yes".)

#.# ## #)# #. ##'## ##.
### ##...## .. ..#
##.)...## #.##.##
##.......##
#.###.#...####.........#
.........)...+.........'
#..@..# #.........# #
##)#.## ##.......## #.
#.#.# ##.....##
#.####.#.# ##...##
#........### ###'##
###........# ##.#.#
#.##.###.# ##.#..#
#.##.# #.###.###.##
#.##.###.##>## ##.##


There were no monsters in sight!

Vanquished Creatures
  3 gnolls
  3 adders
  A worm (D:2)
  2 dart slugs
  A leopard gecko (D:2)
  5 orcs
  7 giant cockroaches
  9 goblins
  9 hobgoblins
  2 quokkas (D:2)
  8 bats
  A frilled lizard (D:1)
  10 kobolds
  5 rats
66 creatures vanquished.

Notes
Turn   | Place    | Note
-------+----------+-------------------------------------------
     0 | D:1      | Kaname the Demonspawn Enchanter began the quest for the Orb.
     0 | D:1      | Reached XP level 1. HP: 13/13 MP: 3/3
     9 | D:1      | Reached skill level 1 in Short Blades
   471 | D:1      | Gained mutation: A weak demonic guardian rushes to your aid. [demonic ancestry]
   471 | D:1      | Reached XP level 2. HP: 6/19 MP: 3/5
   475 | D:1      | Learned a level 2 spell: Ensorcelled Hibernation
  1605 | D:1      | Reached XP level 3. HP: 10/24 MP: 6/6
  1610 | D:1      | Learned a level 3 spell: Confuse
  2530 | D:2      | Gained mutation: You have sharp fingernails. [demonic ancestry]
  2530 | D:2      | Reached XP level 4. HP: 25/30 MP: 3/7
  4562 | D:3      | Gained mutation: You are partially covered in icy blue scales. (AC +2) [demonic ancestry]
  4562 | D:3      | Reached XP level 5. HP: 6/35 MP: 6/8
  4563 | D:3      | Quit the game

Vault maps used:
D:1:      noname_arrival_rooms_in_the_neighbourhood
D:2:      first_bread
D:3:      chequers_temple_overflow_minitemple

Skill      XL: |  1  2  3  4 |
---------------+-------------+-----
Short Blades   | 1 2 |  2.2
Stealth        | 3 4 |  4.0
Hexes          | 4 |  4.1
Dodging        | |  1.7
Spellcasting   | |  2.0

Action                   |  1- 3 |  4- 6 || total
-------------------------+-------+-------++-------
Melee: Dagger            |   200 |   214 ||   414
 Cast: Corona            |     5 |       ||     5
       Ensorcelled Hiber |     4 |    13 ||    17
       Confuse           |       |     1 ||     1
  Use: Scroll            |       |     3 ||     3
 Stab: Sleeping          |     7 |     5 ||    12
  Eat: Chunk             |     1 |     3 ||     4
       Bread ration      |     1 |     1 ||     2
Armor: Robe              |    31 |     8 ||    39
       Leather armour    |       |    53 ||    53
Dodge: Dodged            |   113 |    96 ||   209
